AoeStats
← AiM | CanvaL

Arabia

510105891Analyzed
1v1 RM · 2d ago on Sep 29, 2026· 45m 52s· 2 players
Game mode
Random Map
Map size
Tiny (2 player)
Population
200
Speed
Normal
Resources
Standard
Victory
Conquest
Starting age
Dark Age
Ending age
Imperial Age
RankedLock teamsTeams togetherTeam positionsShared explorationLock speedFull tech treeHidden civsTurbo modeCheats
Victory
Defeat
🇨🇿 Burgundians · Czechia
1544
+14
🇨🇱 Japanese · Chile
1499
-14
AiM | CanvaL
5:28 Loom
9:21 Feudal Age
10:05 Double-Bit Axe
10:28 Town Watch
17:13 Fletching
21:44 Castle Age
20:33 Horse Collar
21:34 Padded Archer Armor
22:04 Elite Skirmisher
22:55 Bodkin Arrow
24:30 Husbandry
26:18 Bloodlines
29:26 Thumb Ring
30:59 Bow Saw
31:30 Wheelbarrow
31:13 Light Cavalry
32:57 Leather Archer Armor
33:20 Scale Barding Armor
33:25 Forging
38:42 Gold Mining
39:19 Stone Mining
39:33 Crossbowman
43:23 Imperial Age
41:46 Ballistics
41:49 Chain Barding Armor
43:26 Forging
45:13 Bracer
frankee
5:04 Double-Bit Axe
6:42 Loom
9:15 Feudal Age
12:40 Fletching
17:38 Padded Archer Armor
22:21 Castle Age
20:58 Bow Saw
20:31 Horse Collar
22:07 Heavy Plow
23:25 Scale Barding Armor
24:48 Wheelbarrow
27:50 Leather Archer Armor
28:16 Chain Barding Armor
27:29 Elite Skirmisher
29:57 Bodkin Arrow
32:09 Ballistics
33:24 Forging
34:23 Hand Cart
33:54 Town Watch
34:40 Gold Mining
34:25 Cavalier
35:06 Husbandry
35:43 Iron Casting
37:27 Hand Cart
41:10 Imperial Age
39:41 Herbal Medicine
41:59 Masonry
42:35 Plate Barding Armor
41:22 Paladin
43:52 Chemistry
44:05 Bracer
45:47 Conscription
Connection lost

Rejoining the realm…

Still unreachable

The connection could not be restored.

Session expired

The server has moved on; the page needs a fresh start.